 Dungeon Crawl Stone Soup version 0.22.1-2-g9c5b331383 (webtiles) character file.

427 McIrco the Shield-Bearer (level 6, -2/38 HPs)
             Began as a Gargoyle Fighter on Jan 6, 2019.
             Killed from afar by Ijyb (17 damage)
             ... with a wand of acid (9)
             ... on level 4 of the Dungeon.
             The game lasted 00:06:31 (3708 turns).

McIrco the Shield-Bearer (Gargoyle Fighter)         Turns: 3708, Time: 00:06:32

Health: -2/38      AC: 12    Str: 20    XL:     6   Next: 97%
Magic:  6/6        EV:  8    Int:  8    God:
Gold:   227        SH: 10    Dex: 11    Spells: 5/5 levels left

rFire    . . .     SeeInvis .   a - +0 long sword
rCold    . . .     Gourm    .   c - +0 shield
rNeg     + . .     Faith    .   b - +0 scale mail
rPois    ∞         Spirit   .   (no helmet)
rElec    +         Reflect  .   (no cloak)
rCorr    .         Harm     .   (no gloves)
MR       .....                  x - +0 pair of boots
Stlth    ..........             (no amulet)
HPRegen  0.12/turn              (no ring)
MPRegen  0.10/turn              (no ring)

@: no status effects
A: negative energy resistance 1, electricity resistance, unbreathing,
petrification resistance, rot immunity, AC +4
a: no special abilities


You were on level 4 of the Dungeon.
You were near starving.

You visited 1 branch of the dungeon, and saw 4 of its levels.

You collected 227 gold pieces.

Inventory:

Hand Weapons
 a - a +0 long sword (weapon)
Armour
 b - a +0 scale mail (worn)
 c - a +0 shield (worn)
 x - a +0 pair of boots (worn)
Jewellery
 h - a cursed -2 ring of dexterity {unknown}
 y - a +6 ring of slaying {unknown}
Scrolls
 g - 4 scrolls of remove curse {unknown}
 j - 6 scrolls of identify {unknown}
 k - 4 scrolls of teleportation {unknown}
 l - a scroll of magic mapping {unknown}
 n - a scroll of blinking {unknown}
 o - a scroll of enchant weapon {unknown}
 r - a scroll of amnesia {unknown}
 s - a scroll of random uselessness {unknown}
 u - 2 scrolls of fog {unknown}
 w - 2 scrolls of immolation {unknown}
Potions
 d - a potion of might
 e - a potion of flight {unknown}
 m - a potion of haste {unknown}
 p - a potion of lignification
 q - a potion of magic {unknown}
 t - a potion of berserk rage {unknown}
 v - 2 potions of degeneration {unknown}
Comestibles
 f - 12 rations


   Skills:
 + Level 3.7 Fighting
 + Level 3.3 Long Blades
 * Level 4.8 Armour
 * Level 2.2 Dodging
 * Level 5.4 Shields


You had 5 spell levels left.
You didn't know any spells.
Your spell library was empty.

Dungeon Overview and Level Annotations

Branches:
Dungeon (4/15)
 Temple: D:4-7

Altars:
Uskayaw

Annotations:
D:4 Ijyb


Innate Abilities, Weirdness & Mutations

You are resistant to torment.
Your stone body is resilient. (AC +4)
You are immune to poison.
You resist negative energy. (rN+)
You are resistant to electric shocks. (rElec)
You can survive without breathing.
You are immune to petrification.
You are immune to rotting.


Message History

You slash the centaur skeleton!
You destroy the centaur skeleton!
No target in view!
No target in view!
No target in view!
No target in view!
No target in view!
No target in view!
No target in view!
Ijyb the Twisted Goblin comes into view.
She is wielding a club.
Ijyb shouts!
Ijyb zaps a wand.
The bolt of acid hits you!
You are splashed with acid!
The acid burns!
It is a wand of acid (9).
You are too injured to fight recklessly!
You are too injured to fight recklessly!
You are too injured to fight recklessly!
You are too injured to fight recklessly!
Ijyb hits you but does no damage.
You closely miss Ijyb.
Ijyb zaps a wand.
The bolt of acid hits you!
You die...

##..... ###..#...
#####...##...
#.....#####..
##.....## #.. .
#.......# #. ...
##.......# .
.....#####..#######
......g@...##
.....##....# ...
###..# . #..# ##..#
..... ...... ......


You could see Ijyb.

Vanquished Creatures
  A phantom (D:4)
  An ogre (D:4)
  A centaur skeleton (D:4)
  An iguana (D:4)
  An orc wizard (D:4)
  3 gnolls
  6 adders
  An ooze (D:2)
  A worm (D:3)
  3 dart slugs (D:1)
  2 leopard geckos
  3 orcs
  4 giant cockroaches
  11 goblins
  9 hobgoblins
  8 jackals
  9 kobolds
  7 bats
  5 frilled lizards
  12 rats
89 creatures vanquished.

Notes
Turn   | Place    | Note
-------+----------+-------------------------------------------
     0 | D:1      | McIrco the Gargoyle Fighter began the quest for the Orb.
     0 | D:1      | Reached XP level 1. HP: 14/14 MP: 1/1
    85 | D:1      | Reached XP level 2. HP: 17/19 MP: 2/2
   378 | D:1      | Reached XP level 3. HP: 23/23 MP: 3/3
   836 | D:1      | You fall through a shaft!
  1147 | D:2      | Found a hide-covered altar of Uskayaw.
  1281 | D:2      | Reached skill level 1 in Dodging
  1308 | D:2      | Reached XP level 4. HP: 24/28 MP: 4/4
  1359 | D:2      | Reached skill level 4 in Shields
  1989 | D:2      | Reached XP level 5. HP: 32/32 MP: 5/5
  3019 | D:3      | Found a faded altar of an unknown god.
  3093 | D:4      | Noticed a phantom
  3123 | D:4      | Killed a phantom
  3123 | D:4      | Reached XP level 6. HP: 25/37 MP: 6/6
  3241 | D:4      | Reached skill level 5 in Shields
  3301 | D:4      | HP: 1/38 [ogre/giant club (19)]
  3704 | D:4      | Noticed Ijyb
  3708 | D:4      | Killed from afar by Ijyb

Skill      XL: |  1  2  3  4  5  6 |
---------------+-------------------+-----
Long Blades    | 2 3 |  3.3
Dodging        | 1 2 |  2.2
Shields        | 4 5 |  5.4
Armour         | 4 |  4.8
Fighting       | |  3.7

Action                   |  1- 3 |  4- 6 || total
-------------------------+-------+-------++-------
Melee: Long sword        |   138 |   208 ||   346
  Use: Potion            |       |     3 ||     3
  Eat: Chunk             |     1 |     7 ||     8
Armor: Scale mail        |    77 |   117 ||   194
       Skin              |       |     1 ||     1
Dodge: Dodged            |    41 |    89 ||   130
Block: Shield            |    64 |   104 ||   168
       Rpst.: Long sword |    12 |    28 ||    40
